 Dungeon Crawl Stone Soup version 0.29.1 (webtiles) character file.

Game seed: 4807604529157131066

78 firemarshallily the Sneak (level 4, -4/40 HPs)
             Began as a Naga Brigand on Sept 14, 2022.
             Slain by Ijyb
             ... wielding a +1 spectral club
              (5 damage)
             ... on level 3 of the Dungeon.
             The game lasted 00:06:49 (1643 turns).

firemarshallily the Sneak (Naga Brigand)            Turns: 1643, Time: 00:06:50

Health: -4/40      AC:  3    Str: 14    XL:     4   Next: 36%
Magic:  4/4        EV:  9    Int: 11    God:
Gold:   100        SH:  0    Dex: 14    Spells: 3/3 levels left

rFire   . . .      SeeInvis +   a - +2 dagger
rCold   . . .      Faith    .   (no shield)
rNeg    . . .      Spirit   .   b - +0 robe
rPois   +          Reflect  .   (no helmet)
rElec   .          Harm     .   c - +0 cloak
rCorr   .          Rampage  .   (no gloves)
Will    .....                   (no barding)
Stlth   +++.......              (no amulet)
HPRegen 0.13/turn               (no ring)
MPRegen 0.09/turn               (no ring)

@: short of breath, very slow
A: AC +1, large, see invisible, deformed body, poison resistance, slowness 2,
spit poison 1, naga tail 1
a: Spit Poison


You were on level 3 of the Dungeon.
You visited 1 branch of the dungeon, and saw 3 of its levels.

You collected 100 gold pieces.

Inventory:

Hand Weapons
 a - a +2 dagger (weapon)
Missiles
 d - 15 poisoned darts
 e - 3 curare-tipped darts
Armour
 b - a +0 robe (worn)
 c - a +0 cloak (worn)
Scrolls
 g - a scroll of noise {unknown}
 h - 2 scrolls of fear
 j - 2 scrolls of immolation
 l - 2 scrolls of teleportation {unknown}
Potions
 f - a potion of cancellation {unknown}
 i - a potion of invisibility {unknown}
 k - 2 potions of mutation
 m - a potion of berserk rage
 n - a potion of attraction {unknown}
 o - 2 potions of might {unknown}
 q - 2 potions of curing
 r - a potion of flight {unknown}
 s - a potion of haste {unknown}


   Skills:
 + Level 2.6 Fighting
 * Level 3.1 Short Blades
 - Level 1.7 Throwing
 - Level 0.7 Dodging
 * Level 7.1 Stealth


You had 3 spell levels left.
You didn't know any spells.
Your spell library contained the following spells:

 Spells                   Type           Power      Damage    Failure   Level
 Call Canine Familiar     Summ           0%         N/A       71%         3
 Ozocubu's Armour         Ice            0%         N/A       71%         3
 Portal Projectile        Hex/Tloc       0%         N/A       71%         3
 Ice Form                 Ice/Tmut       0%         N/A       98%         4
 Leda's Liquefaction      Hex/Erth       0%         N/A       98%         4
 Metabolic Englaciation   Hex/Ice        0%         N/A       100%        5
 Simulacrum               Ice/Necr       0%         N/A       100%        6
 Ozocubu's Refrigeration  Ice            0%         4d7       100%        7
 Polar Vortex             Ice            0%         N/A       100%        9


Dungeon Overview and Level Annotations

Branches:
Dungeon (3/15)

Altars:
The Shining One

Annotations:
D:3 Ijyb


Innate Abilities, Weirdness & Mutations

Your serpentine skin is tough. (AC +1)
You have supernaturally acute eyesight. (SInv)
Armour fits poorly on your strangely shaped body.
Your system is resistant to poisons. (rPois)
You cover ground very slowly.
You can spit poison.
You have a snake-like lower body.


Message History

Ijyb is lightly wounded.
Ijyb shouts!
Ijyb zaps a wand.
The puff of flame hits you!
Found a stone staircase leading up.
You have got your breath back.
Ijyb zaps a wand.
The puff of flame hits you!
You hit Ijyb but do no damage.
Ijyb is moderately wounded.
You hit Ijyb but do no damage.
Ijyb is moderately wounded.
Ijyb hits you but does no damage.
You hit Ijyb.
Ijyb is heavily wounded.
Ijyb drinks a potion.
Ijyb is healed!
You closely miss Ijyb. Ijyb closely misses you.
You closely miss Ijyb.
Ijyb is lightly wounded.
Ijyb zaps a wand.
The puff of flame hits you!
You hit Ijyb but do no damage.
Ijyb is lightly wounded.
Ijyb hits you with a +1 spectral club.
* * * LOW HITPOINT WARNING * * *
You hit Ijyb.
Ijyb is lightly wounded.
Ijyb zaps a wand.
The puff of flame hits you.
* * * LOW HITPOINT WARNING * * *
You hit Ijyb but do no damage.
Ijyb is lightly wounded.
Ijyb looks more healthy.
Aiming: Spit Poison (1% risk of failure)
Press: ? - help, Q - select action, (/) - cycle Shift-Dir - straight line, f/p - Ijyb
Aim: Ijyb, wielding a +1 spectral club, wearing a +0 leather armour and carrying a wand of flame (17) (moderately wounded, 50% to hit)
The splash of poison hits Ijyb.
Ijyb is poisoned.
Ijyb is heavily wounded.
Ijyb hits you with a +1 spectral club.
* * * LOW HITPOINT WARNING * * *
You hit Ijyb.
Ijyb is heavily wounded.
Ijyb hits you with a +1 spectral club.
You die...

#### ### #.. #.#
#### ##.# #...
########..#####.
#.##
#...............
...#
#...g@..........
#..#
#....###.######
#..# ##.#< #.#
#..## # #.
##.#########....
#.
#.#........##.##
#.
##.#######.##.##
#. ### #......
#. ####.## #.#


You could see Ijyb (poisoned).

Vanquished Creatures
  Crazy Yiuf (D:3)
  A worm (D:2)
  5 ball pythons
  2 bats
  9 endoplasms
  2 giant cockroaches (D:1)
  3 goblins
  8 hobgoblins (D:1)
  3 frilled lizards
  5 kobolds
  A rat (D:1)
40 creatures vanquished.

Vanquished Creatures (others)
  6 plants (D:1)
  9 withered plants (D:1)
15 creatures vanquished.

Grand Total: 55 creatures vanquished

Notes
Turn   | Place    | Note
-------+----------+-------------------------------------------
     0 | D:1      | firemarshallily the Naga Brigand began the quest for the
                  | Orb.
     0 | D:1      | Reached XP level 1. HP: 19/19 MP: 1/1
    13 | D:1      | Reached skill level 6 in Stealth
    16 | D:1      | Reached XP level 2. HP: 17/26 MP: 2/2
   171 | D:1      | Found a faded altar of an unknown god.
   180 | D:1      | Prayed at the altar of an unknown god.
   180 | D:1      | Became a worshipper of the Shining One
   180 | D:1      | Reached * piety under the Shining One
   598 | D:1      | Reached XP level 3. HP: 32/32 MP: 3/3
   664 | D:1      | Fell from the grace of the Shining One
   961 | D:2      | Got the Compilation of Forms and Hypothermia
  1311 | D:3      | Found a runed translucent door.
  1312 | D:3      | Noticed Crazy Yiuf
  1321 | D:3      | Killed Crazy Yiuf
  1322 | D:3      | Reached skill level 7 in Stealth
  1322 | D:3      | Reached XP level 4. HP: 19/40 MP: 4/4
  1629 | D:3      | Noticed Ijyb
  1642 | D:3      | HP: 1/40 [Ijyb/+1 spectral club (5)]
  1643 | D:3      | Slain by Ijyb

Illustrated notes

Levels and vault maps discovered:
D:1:      dpeg_arrival_rhombus, layout_rooms,
          shapermc_ecumenical_altar_flowoftime, minmay_tiny_reverse_x
D:2:      layout_rooms, minivault_19, minmay_tetromino_o2
D:3:      layout_loops_ring, st_stairs_12, kennysheep_crisscross,
          minmay_close_crescents, uniq_robin, uniq_crazy_yiuf_cottage,
          uniq_ijyb, uniq_natasha

Skill      XL: |  1  2  3 |
---------------+----------+-----
Stealth        | 6 7 |  7.1
Short Blades   | 3 |  3.1
Fighting       | |  2.6
Throwing       | |  1.7
Dodging        | |  0.7

Action                   |  1- 3 |  4- 6 || total
-------------------------+-------+-------++-------
Melee: Dagger            |    90 |    12 ||   102
       Punch             |     1 |       ||     1
Throw: Dart              |     2 |       ||     2
Invok: Renounce Religion |     1 |       ||     1
 Abil: Spit Poison       |    19 |     2 ||    21
  Use: Scroll            |     4 |       ||     4
       Potion            |     1 |       ||     1
 Stab: Sleeping          |     7 |       ||     7
Armor: Robe              |    10 |     1 ||    11
Dodge: Dodged            |    18 |     3 ||    21
